 Dungeon Crawl Stone Soup version 0.28.0-53-g5a82cb258f (webtiles) character file.

Game seed: 13445135063508920715

466 issech the Chopper (level 6, 0/53 HPs)
             Began as a Minotaur Monk on June 7, 2022.
             Slain by Pikel
             ... wielding a +2 whip of freezing
              (5 damage)
             ... on level 4 of the Dungeon.
             The game lasted 00:07:42 (3372 turns).

issech the Chopper (Minotaur Monk)                  Turns: 3372, Time: 00:07:43

Health: 0/53       AC:  6    Str: 15    XL:     6   Next: 81%
Magic:  5/5        EV: 13    Int:  7    God:
Gold:   161        SH:  3    Dex: 15    Spells: 5/5 levels left

rFire   . . .      SeeInvis .   w - +2 flail (vorpal)
rCold   . . .      Faith    .   q - +0 buckler
rNeg    . . .      Spirit   .   l - +0 leather armour
rPois   .          Reflect  .   (helmet restricted)
rElec   .          Harm     .   t - +2 cloak {Stlth+}
rCorr   .          Rampage  .   (no gloves)
Will    .....                   (no boots)
Stlth   +++.......              (no amulet)
HPRegen 0.17/turn               (no ring)
MPRegen 0.09/turn               (no ring)

@: no status effects
A: horns 2, retaliatory headbutt
a: no special abilities


You were on level 4 of the Dungeon.
You visited 1 branch of the dungeon, and saw 4 of its levels.

You collected 161 gold pieces.

Inventory:

Hand Weapons
 a - a +0 hand axe
 j - a +1 dagger of venom
 k - a +0 vampiric dagger
 u - a +0 hunting sling
 w - a +2 vorpal flail (weapon)
 x - a +1 spear of flaming
Missiles
 d - 102 stones (quivered)
 p - 7 poisoned darts
 v - 18 arrows
Armour
 b - a +0 robe
 l - a +0 leather armour (worn)
 q - a +0 buckler (worn)
 t - a +2 cloak of stealth (worn)
Wands
 n - a wand of iceblast (2)
Scrolls
 c - 2 scrolls of teleportation {unknown}
 f - 3 scrolls of identify {unknown}
 h - 2 scrolls of fear {unknown}
 i - a scroll of fog {unknown}
 m - a scroll of noise {unknown}
 r - a scroll of enchant armour {unknown}
 s - 3 scrolls of vulnerability {unknown}
Potions
 e - a potion of heal wounds {unknown}
 g - a potion of mutation {unknown}
 o - a potion of attraction {unknown}
 z - a potion of magic {unknown}


   Skills:
 + Level 4.6 Fighting
 + Level 2.4 Short Blades
 + Level 5.3 Axes
 + Level 0.5(3.3) Maces & Flails
 + Level 3.3 Armour
 + Level 4.2 Dodging
 + Level 3.3 Stealth
 + Level 0.3 Shields


You had 5 spell levels left.
You didn't know any spells.
Your spell library was empty.

Dungeon Overview and Level Annotations

Branches:
Dungeon (4/15)
 Temple: D:4-7

Altars:

Shops:
D:4 :

Annotations:
D:4 Pikel


Innate Abilities, Weirdness & Mutations

You have a pair of horns on your head.
You reflexively headbutt those who attack you in melee.


Message History

You miss the lemure. You headbutt the lemure!
The lemure is moderately wounded.
The lemure hits you. The lemure misses you.
You thump Pikel!
Pikel is moderately wounded.
The lemure misses you.
You hit Pikel. You headbutt Pikel, but do no damage.
Pikel is heavily wounded.
The lemure barely misses you. You block Pikel's attack.
You barely miss Pikel.
Pikel is moderately wounded.
The lemure hits you! Pikel barely misses you. You block the lemure's attack.
You hit Pikel but do no damage.
Pikel is moderately wounded.
Pikel barely misses you. The lemure completely misses you. Pikel misses you.
You closely miss Pikel. You headbutt Pikel!
Pikel is severely wounded.
The lemure hits you.
Pikel hits you with a +2 whip of freezing.
Pikel freezes you.
You barely miss Pikel.
Pikel is severely wounded.
The lemure closely misses you. You furiously retaliate!
You headbutt the lemure, but do no damage.
Pikel hits you with a +2 whip of freezing.
Pikel freezes you.
You sock Pikel! You headbutt Pikel.
Pikel is almost dead.
The lemure misses you.
Pikel hits you with a +2 whip of freezing!
Pikel freezes you. The lemure barely misses you. You furiously retaliate!
You headbutt the lemure. You closely miss Pikel.
Pikel is almost dead.
Pikel misses you. The lemure hits you.
* * * LOW HITPOINT WARNING * * *
Pikel hits you with a +2 whip of freezing!
* * * LOW HITPOINT WARNING * * *
Pikel freezes you.
You die...

####### ..... ..... ...
# .55 ###### #.# #5#
#..... .... #K# #.....
.....##@#####.#####.....
.>....5.................
.....##.###########.....
.... #.#....# #.....
#.#####.#...[######.....
#....................<..
#######.###########.....
#........ ......
##################


You could see Pikel and 4 lemures.

Vanquished Creatures
  A bullfrog (D:3)
  A scorpion (D:4)
  A water moccasin skeleton (D:3)
  2 orc priests (D:3)
  Jessica (D:2)
  2 orc wizards (D:3)
  5 gnolls
  4 adders
  An adder skeleton (D:4)
  A worm (D:2)
  9 orcs
  5 endoplasms (D:1)
  A giant cockroach (D:2)
  8 goblins
  9 hobgoblins
  4 kobolds
  2 quokkas
  6 ball pythons (D:1)
  4 bats
  6 frilled lizards
  4 rats
77 creatures vanquished.

Notes
Turn   | Place    | Note
-------+----------+-------------------------------------------
     0 | D:1      | issech the Minotaur Monk began the quest for the Orb.
     0 | D:1      | Reached XP level 1. HP: 19/19 MP: 0/0
   158 | D:1      | Reached skill level 4 in Axes
   158 | D:1      | Reached XP level 2. HP: 27/27 MP: 1/1
   740 | D:1      | Reached XP level 3. HP: 33/33 MP: 2/2
  1399 | D:2      | Found a faded altar of an unknown god.
  1577 | D:2      | Noticed Jessica
  1582 | D:2      | Killed Jessica
  1583 | D:2      | Reached XP level 4. HP: 21/40 MP: 3/3
  1995 | D:3      | Reached skill level 1 in Armour
  1997 | D:3      | Reached skill level 5 in Axes
  1997 | D:3      | Reached XP level 5. HP: 19/46 MP: 4/4
  2703 | D:3      | Reached skill level 1 in Short Blades
  2703 | D:3      | Reached XP level 6. HP: 45/53 MP: 5/5
  3191 | D:4      | Found Hentysaz's Book Emporium.
  3361 | D:4      | Noticed Pikel
  3372 | D:4      | Slain by Pikel

Illustrated notes

Levels and vault maps discovered:
D:1:      eino_arrival_water_star, layout_basic, minmay_misc_feat_diagonals,
          minmay_misc_feat_cross, minmay_misc_feat_encased
D:2:      layout_rooms, hellmonk_ecumenical_altar_pennies_from_heaven,
          uniq_jessica
D:3:      layout_loops_cross
D:4:      layout_basic, general_overflow_altar, serial_shops,
          nicolae_shop_hallway_plus, uniq_pikel

Skill      XL: |  1  2  3  4  5  6 |
---------------+-------------------+-----
Axes           | 4 5 |  5.3
Fighting       | 4 |  4.6
Stealth        | 2 3 |  3.3
Armour         | 1 2 3 |  3.3
Short Blades   | 1 2 |  2.4
Dodging        | 4 |  4.2
Maces & Flails | |  0.5
Shields        | |  0.3

Action                   |  1- 3 |  4- 6 || total
-------------------------+-------+-------++-------
Melee: Hand axe          |    65 |       ||    65
       Headbutt          |    11 |    22 ||    33
       Dagger            |    23 |    81 ||   104
       Punch             |       |     1 ||     1
       Flail             |       |    23 ||    23
 Stab: Sleeping          |     6 |     3 ||     9
Armor: Robe              |     8 |       ||     8
       Leather armour    |       |    30 ||    30
Dodge: Dodged            |    56 |    56 ||   112
Block: Buckler           |       |     9 ||     9
